 Dungeon Crawl Stone Soup version 0.26-a0-652-gafc20e3620 (webtiles) character file.

Game seed: 3819981832788141322

32 ringo67 the Skirmisher (level 3, 0/27 HPs)
             Began as an Octopode Fighter on Oct 3, 2020.
             Slain by an adder (4 damage)
             ... on level 2 of the Dungeon.
             The game lasted 00:01:20 (814 turns).

ringo67 the Skirmisher (Octopode Fighter)            Turns: 814, Time: 00:01:20

Health: 0/27       AC:  1    Str: 16    XL:     3   Next: 25%
Magic:  3/3        EV: 11    Int: 10    God:
Gold:   66         SH:  8    Dex: 11    Spells: 2/2 levels left

rFire    . . .     SeeInvis .     - Unarmed
rCold    . . .     Faith    .   a - +0 kite shield
rNeg     . . .     Spirit   .   (helmet restricted)
rPois    .         Reflect  .   (no amulet)
rElec    .         Harm     .   (no ring)
rCorr    .         Rampage  .   (no ring)
MR       .....                  (no ring)
Stlth    ++........             (no ring)
HPRegen  0.09/turn              (no ring)
MPRegen  0.08/turn              (no ring)
                                (no ring)
                                (no ring)

@: lethally poisoned (0 -> -6)
A: almost no armour, stealthy swim, amphibious, 8 rings, constrict 8, camouflage
1, gelatinous body 1
a: no special abilities


You were on level 2 of the Dungeon.
You visited 1 branch of the dungeon, and saw 2 of its levels.

You collected 66 gold pieces.

Inventory:

Armour
 a - a +0 kite shield (worn)
Scrolls
 c - 2 scrolls of identify {unknown}
 e - 2 scrolls of teleportation {unknown}
 g - a scroll of random uselessness {unknown}
 h - a scroll of fear {unknown}
Potions
 b - a potion of might
 d - 2 potions of ambrosia {unknown}
 f - a potion of invisibility {unknown}


   Skills:
 + Level 3.7 Fighting
 - Level 3.0 Dodging
 - Level 3.0 Shields
 + Level 2.9 Unarmed Combat


You had 2 spell levels left.
You didn't know any spells.
Your spell library was empty.

Dungeon Overview and Level Annotations

Branches:
Dungeon (2/15)

Altars:
Okawaru


Innate Abilities, Weirdness & Mutations

You cannot wear most types of armour.
You are very stealthy in the water. (Stealth+)
You are amphibious.
You can wear up to eight rings at the same time.
You can use your tentacles to constrict eight enemies at once.
Your skin changes colour to match your surroundings (Stealth+).
Your rubbery body absorbs attacks. (AC +1, EV +1)


Message History

Increase (S)trength, (I)ntelligence, or (D)exterity?
You feel stronger. You block the adder's attack.
You miss the adder. Your grab misses the adder. Your squeeze misses the adder.
You feel sick. The adder bites you.
You closely miss the adder. Your grab misses the adder.
You feel sick. You block the adder's attack. The adder bites you.
You miss the adder. Your grab misses the adder.
You feel sick. The adder bites you but does no damage.
You tentacle-slap the adder. You grab the adder.
The adder is heavily wounded.
You constrict the adder. The adder bites you.
* * * LOW HITPOINT WARNING * * *
You tentacle-slap the adder but do no damage.
Your squeeze misses the adder.
The adder is severely wounded.
You constrict the adder.
* * * LOW HITPOINT WARNING * * *
You feel sick. The adder barely misses you. The adder bites you.
You die...

#####################
#....(...............
#.###################
#..)..... ......
#.####### ##....
##(######## #####
#.....S...### #
#....@†...8.# #
#....(....... #
#............ #
#.(.......8.# #
#.........#_# #
#.........# # ####
#........... #...
#........... ##...
.....


You could see an adder.

Vanquished Creatures
  An adder (D:2)
  A dart slug (D:1)
  A leopard gecko (D:1)
  3 hobgoblins (D:1)
  4 bats
  3 frilled lizards
  3 goblins
  3 kobolds
  5 rats (D:1)
24 creatures vanquished.

Notes
Turn   | Place    | Note
-------+----------+-------------------------------------------
     0 | D:1      | ringo67 the Octopode Fighter began the quest for the Orb.
     0 | D:1      | Reached XP level 1. HP: 16/16 MP: 1/1
   133 | D:1      | Reached XP level 2. HP: 20/21 MP: 2/2
   803 | D:2      | Found an iron altar of Okawaru.
   809 | D:2      | Reached XP level 3. HP: 12/27 MP: 3/3
   814 | D:2      | Slain by an adder

Illustrated notes

Levels and vault maps discovered:
D:1:      roderic_dead_forest, layout_rooms
D:2:      layout_basic, minitemple, lemuel_round_altar, minmay_domino_4

Action                   || total
-------------------------++-------
Melee: Unarmed           ||    53
       Constrict         ||    15
       Tentacles         ||     8
Armor: Skin              ||     6
Dodge: Dodged            ||    26
Block: Kite shield       ||    20

Table legend: (Time is in decaauts)
 A = Elapsed time spent in this place.
 B = Non-inter-level travel time spent in this place.
 C = Inter-level travel time spent in this place.
 D = Time resting spent in this place.
 E = Time spent auto-exploring this place.
 F = Levels seen in this place.
 G = Mean time per level.
                   A        B        C        D        E       F      G
               +--------+--------+--------+--------+--------+-----+--------+
         Total |    815 |    810 |      5 |    327 |    338 |   2 |  407.5 |
       Dungeon |    815 |    810 |      5 |    327 |    338 |   2 |  407.5 |
               +--------+--------+--------+--------+--------+-----+--------+

Top non-repeatable levels by time:
     D:1: 718 daAuts
     D:2: 96 daAuts
